 Dungeon Sprint DCSS version 0.20-a0-454-g2b43fbb (webtiles) character file.

445 tsouns the Fighter (level 7, -2/68 HPs)
             Began as a Barachian Fighter on Jan 9, 2017.
             Was an Initiate of Cheibriados.
             Succumbed to Sonja's curare-tipped needle
             ... in the Dungeon (Sprint I: "Red Sonja").
             The game lasted 00:03:04 (728 turns).

tsouns the Fighter (Barachian Fighter)               Turns: 728, Time: 00:03:05

Health: -2/68      AC:  8    Str: 17    XL:     7   Next: 3%
Magic:  7/7        EV:  7    Int: 12    God:    Cheibriados [......]
Gold:   167        SH:  9    Dex: 12    Spells: 6/6 levels left

rFire  . . .     SeeInvis .     a - +0 long sword
rCold  . . .     Gourm    .     b - +0 scale mail
rNeg   . . .     Faith    .     c - +0 shield
rPois  .         Spirit   .     (no helmet)
rElec  .         Reflect  .     (no cloak)
rCorr  .         Harm     .     g - +0 pair of gloves
MR     .....     NoTele   +     (no boots)
Stlth  ..........               (no amulet)
                                (no ring)
                                (no ring)

@: brilliant, lethally poisoned (-2 -> -23), slowed, very slow
A: swims, slowness 1, strong legs 1
a: Hop, Bend Time, Renounce Religion


You were in the Dungeon.
You worshipped Cheibriados.
Cheibriados was noncommittal.
You were not hungry.

You visited 1 branch You collected 297 gold pieces.
You spent 130 gold pieces at shops.

Inventory:

Hand Weapons
 a - a +0 long sword (weapon)
Armour
 b - a +0 scale mail (worn)
 c - a +0 shield (worn)
 g - a +0 pair of gloves (worn)
Scrolls
 k - a scroll of blinking
Potions
 h - a potion of haste
 i - 2 potions of magic
Comestibles
 f - a bread ration


   Skills:
 + Level 11.5 Fighting
 + Level 11.2 Long Blades
 - Level 3.2 Armour
 - Level 3.0 Shields


You had 6 spell levels left.
You didn't know any spells.

Dungeon Overview and Level Annotations

Branches:
Dungeon (1/1)

Altars:
Cheibriados
Dithmenos
Elyvilon
Fedhas
Gozag
Hepliaklqana
Kikubaaqudgha
Nemelex Xobeh
Okawaru
Qazlal
Ru
Sif Muna
Trog
Uskayaw
Vehumet
Yredelemnul
Zin
The Shining One

Shops:
D [

Annotations:
D Sonja


Innate Abilities, Weirdness & Mutations

You can swim through water.
You cover ground slowly.
You can hop short distances.


Message History

Sonja barely misses you. Sonja closely misses you.
You miss Sonja. You block Sonja's attack. Sonja hits you but does no damage.
You are more poisoned.
You block Sonja's attack.
You barely miss Sonja.
You feel sick.
Sonja mumbles some strange words.
Sonja blinks!
You feel sick.
Sonja unwields an uncursed short sword of venom.
It stops dripping with poison.
Sonja wields an uncursed blowgun.
Sonja shoots a curare-tipped needle.
The curare-tipped needle barely misses you.
Sonja shoots a curare-tipped needle.
The curare-tipped needle hits you.
You are lethally poisoned!
You have difficulty breathing.
* * * LOW HITPOINT WARNING * * *
You feel yourself slow down.
There is an open door here.
You see here a curare-tipped needle.
You die...

#..)..#..').#..+
#..#####'#####'#
#..####..#.K.#(#
#..#__####..##.#
#..#_____##'#..+
#⌠⌠#_.∩...'..._#
####_..__##_(#'#
#_____###(#)#
####### #@###
+$.$+ #$.$#
##.## #+#


You could see Sonja.

Vanquished Creatures
  Sigmund (D)
  A yak (D)
  An ogre (D)
  A jelly (D)
  Ijyb (D)
5 creatures vanquished.

Notes
Turn   | Place    | Note
-------+----------+-------------------------------------------
     0 | D        | tsouns the Barachian Fighter began the quest for the Orb.
     0 | D        | Reached XP level 1. HP: 18/18 MP: 1/1
    27 | D        | Noticed Ijyb
    58 | D        | Killed Ijyb
    58 | D        | Reached skill level 5 in Fighting
    58 | D        | Reached XP level 2. HP: 25/27 MP: 2/2
    58 | D        | Reached XP level 3. HP: 31/33 MP: 3/3
    66 | D        | Noticed an ogre
    71 | D        | Killed an ogre
    71 | D        | Reached XP level 4. HP: 44/44 MP: 4/4
   111 | D        | Noticed Sigmund
   124 | D        | Killed Sigmund
   124 | D        | Reached skill level 10 in Fighting
   124 | D        | Reached XP level 5. HP: 15/53 MP: 5/5
   124 | D        | Reached XP level 6. HP: 17/60 MP: 6/6
   346 | D        | Found a deep blue altar of Sif Muna.
   348 | D        | Found a radiant altar of Vehumet.
   353 | D        | Reached skill level 10 in Long Blades
   428 | D        | Found Cerisut's Antique Armour Emporium.
   428 | D        | Found an ancient bone altar of Kikubaaqudgha.
   428 | D        | Found a hazy altar of Hepliaklqana.
   428 | D        | Found a stormy altar of Qazlal.
   428 | D        | Found a hide-covered altar of Uskayaw.
   428 | D        | Found a blossoming altar of Fedhas.
   428 | D        | Found a bloodstained altar of Trog.
   428 | D        | Found an iron altar of Okawaru.
   428 | D        | Found a basalt altar of Yredelemnul.
   428 | D        | Found a glowing golden altar of the Shining One.
   428 | D        | Found a snail-covered altar of Cheibriados.
   428 | D        | Found a sacrificial altar of Ru.
   428 | D        | Found a glowing silver altar of Zin.
   428 | D        | Found a shadowy altar of Dithmenos.
   428 | D        | Found a white marble altar of Elyvilon.
   428 | D        | Noticed a yak
   446 | D        | HP: 1/61 [yak (12)]
   453 | D        | Killed a yak
   453 | D        | Reached XP level 7. HP: 18/68 MP: 7/7
   454 | D        | Found an opulent altar of Gozag.
   455 | D        | Found a sparkling altar of Nemelex Xobeh.
   459 | D        | Bought a pair of gloves for 130 gold pieces
   704 | D        | Became a worshipper of Cheibriados the Contemplative
   711 | D        | Noticed Sonja
   727 | D        | HP: 2/68 [asphyx]
   728 | D        | Succumbed to Sonja's curare-tipped needle

Vault maps used:
D:        dungeon_sprint_1

Skill      XL: |  1  2  3  4  5  6 |
---------------+-------------------+-----
Fighting       | 5 7 10 11 | 11.5
Long Blades    | 4 7 9 11 | 11.2
Armour         | |  3.2
Shields        | |  3.0

Action                   |  1- 3 |  4- 6 |  7- 9 || total
-------------------------+-------+-------+-------++-------
Melee: Long sword        |    34 |    40 |     6 ||    80
 Abil: Hop               |     1 |       |       ||     1
  Use: Potion            |     1 |     2 |     2 ||     5
       Scroll            |       |       |     1 ||     1
Armor: Scale mail        |     5 |     7 |     7 ||    19
Dodge: Dodged            |     6 |     7 |     4 ||    17
Block: Shield            |    14 |     7 |    11 ||    32
       Rpst.: Long sword |     3 |     2 |       ||     5
